| TOP OF THE 1ST |
|
New Hampshire Fisher Cats batting - Pitching for Erie SeaWolves : LHP Matt Granados
|
|
Pitching: LHP Matt Granados
|
|
|
Batting: RHB Cyril Husson
|
0-0: Swinging Strike 0-1: Ball 1-1: Ball 2-1: Foul Ball, location: 2F 2-2: Foul Ball, location: 2F 2-2: Foul Ball, location: 2F 2-2: Strikes out looking
|
|
Batting: RHB Donny Burnside
|
0-0: Ball 1-0: Ball 2-0: Foul Ball, location: 2F 2-1: Ball 3-1: Base on Balls
|
|
Batting: SHB Eduardo Maldonado
|
0-0: Called Strike Donny Burnside steals 2nd base (no throw) 0-1: Foul Ball, location: 2F 0-2: Foul Ball, location: 2F 0-2: Ball 1-2: SINGLE (Flyball, 78S, EV 93.1 MPH) Donny Burnside to third Runner from 3rd tries for Home, SAFE, throw by LF to home
|
|
Batting: RHB Nikita Schram
|
0-0: Called Strike 0-1: Ball 1-1: Foul Ball, location: 2F 1-2: Ball 2-2: Strikes out looking
|
|
Batting: LHB Ray Whitehead
|
0-0: Ball 1-0: Called Strike 1-1: Ball 2-1: Called Strike 2-2: Strikes out swinging
|
| Top of the 1st over - 1 run, 1 hit, 0 errors, 1 left on base; New Hampshire 1 - Erie 0 |
| BOTTOM OF THE 1ST |
|
Erie SeaWolves batting - Pitching for New Hampshire Fisher Cats : LHP Spencer Jones
|
|
Pitching: LHP Spencer Jones
|
|
|
Batting: LHB Freddy Troncoso
|
0-0: Called Strike 0-1: Foul Ball, location: 2F 0-2: Ball 1-2: Foul Ball, location: 2F 1-2: Ground out 5-3 (Groundball, 56S, EV 82.5 MPH)
|
|
Batting: RHB Yaremka Rzhevsky
|
0-0: Ball 1-0: Swinging Strike 1-1: Called Strike 1-2: Ball 2-2: Strikes out swinging
|
|
Batting: RHB Steve Clark
|
0-0: Called Strike 0-1: Ground out 6-3 (Groundball, 6, EV 80.0 MPH)
|
| Bottom of the 1st over - 0 runs, 0 hits, 0 errors, 0 left on base; New Hampshire 1 - Erie 0 |
| TOP OF THE 2ND |
|
New Hampshire Fisher Cats batting - Pitching for Erie SeaWolves : LHP Matt Granados
|
|
Batting: RHB Jorge Baret
|
0-0: Called Strike 0-1: Called Strike 0-2: SINGLE (Line Drive, 4D, EV 106.2 MPH)
|
|
Batting: RHB Eddie LaRose
|
0-0: Ball 1-0: Ball 2-0: Called Strike 2-1: Ball 3-1: Called Strike 3-2: Foul Ball, location: 2F 3-2: Foul Ball, location: 2F 3-2: Foul Ball, location: 2F 3-2: Base on Balls Jorge Baret to second
|
|
Batting: RHB Greg Callaghan
|
0-0: Ball 1-0: Called Strike 1-1: Grounds into double play, 5-4-3 (Groundball, 5, EV 98.8 MPH) Jorge Baret to third
|
|
Batting: RHB Porter Welsh
|
0-0: Ball 1-0: Ball 2-0: Called Strike 2-1: Swinging Strike 2-2: Foul Ball, location: 2F 2-2: Ball 3-2: Base on Balls
|
|
Batting: RHB Cyril Husson
|
0-0: Ball 1-0: Ball 2-0: Foul Ball, location: 2F 2-1: Fly out, F7 (Flyball, 78D, EV 98.8 MPH)
|
| Top of the 2nd over - 0 runs, 1 hit, 0 errors, 2 left on base; New Hampshire 1 - Erie 0 |
| BOTTOM OF THE 2ND |
|
Erie SeaWolves batting - Pitching for New Hampshire Fisher Cats : LHP Spencer Jones
|
|
Batting: RHB Dan Becvar
|
0-0: Ball 1-0: DOUBLE (Flyball, 89D, EV 95.0 MPH)
|
|
Batting: RHB Jordan Mejias
|
0-0: Ball 1-0: Called Strike 1-1: Fly out, F7 (Line Drive, 7, EV 91.9 MPH)
|
|
Batting: RHB Dusty Newman
|
0-0: Ball 1-0: Called Strike 1-1: Ball 2-1: Ball 3-1: Called Strike 3-2: Ground out 4-3 (Groundball, 4, EV 83.1 MPH) Dan Becvar to third
|
|
Batting: RHB Vince Chipman
|
0-0: DOUBLE (Line Drive, 78D, EV 110.0 MPH) Dan Becvar scores
|
|
Batting: RHB Ken DiFerdinando
|
0-0: Called Strike 0-1: Ground out 6-3 (Groundball, 6, EV 103.1 MPH)
|
| Bottom of the 2nd over - 1 run, 2 hits, 0 errors, 1 left on base; New Hampshire 1 - Erie 1 |
| TOP OF THE 3RD |
|
New Hampshire Fisher Cats batting - Pitching for Erie SeaWolves : LHP Matt Granados
|
|
Batting: RHB Donny Burnside
|
0-0: Ball 1-0: Foul Ball, location: 2F 1-1: Foul Ball, location: 2F 1-2: Foul Ball, location: 2F 1-2: Foul Ball, location: 2F 1-2: Ground out 5-3 (Groundball, 25, EV 68.1 MPH)
|
|
Batting: SHB Eduardo Maldonado
|
0-0: Ball 1-0: SINGLE (Groundball, 6, EV 97.5 MPH)
|
|
Batting: RHB Nikita Schram
|
0-0: Reached on error, E5 (Groundball, 56S, EV 87.5 MPH) Eduardo Maldonado to second
|
|
Batting: LHB Ray Whitehead
|
0-0: Ball 1-0: Called Strike 1-1: Ball 2-1: Ball 3-1: Fly out, F8 (Flyball, 8RD, EV 86.9 MPH)
|
|
Batting: RHB Jorge Baret
|
0-0: Foul Ball, location: 2F 0-1: SINGLE (Flyball, 9S, EV 91.2 MPH) Eduardo Maldonado to third Nikita Schram to second Runner from 3rd tries for Home, throw by RF and OUT! 9-2
|
| Top of the 3rd over - 0 runs, 2 hits, 1 error, 2 left on base; New Hampshire 1 - Erie 1 |
| BOTTOM OF THE 3RD |
|
Erie SeaWolves batting - Pitching for New Hampshire Fisher Cats : LHP Spencer Jones
|
|
Batting: LHB Oscar Gonzalez
|
0-0: Ball 1-0: Called Strike 1-1: Ball 2-1: Called Strike 2-2: Foul Ball, location: 2F 2-2: Strikes out swinging
|
|
Batting: LHB Freddy Troncoso
|
0-0: Ball 1-0: Called Strike 1-1: Ball 2-1: Ball 3-1: Swinging Strike 3-2: Strikes out swinging
|
|
Batting: RHB Yaremka Rzhevsky
|
0-0: DOUBLE (Flyball, 8LXD, EV 94.4 MPH)
|
|
Batting: RHB Steve Clark
|
0-0: Called Strike 0-1: Ball 1-1: Ball 2-1: Called Strike 2-2: Ground out 6-3 (Groundball, 6, EV 88.8 MPH)
|
| Bottom of the 3rd over - 0 runs, 1 hit, 0 errors, 1 left on base; New Hampshire 1 - Erie 1 |
| TOP OF THE 4TH |
|
New Hampshire Fisher Cats batting - Pitching for Erie SeaWolves : LHP Matt Granados
|
|
Batting: RHB Eddie LaRose
|
0-0: Called Strike 0-1: Ball 1-1: Ball 2-1: Foul Ball, location: 2F 2-2: Ball 3-2: Fly out, F7 (Flyball, 7S, EV 88.8 MPH)
|
|
Batting: RHB Greg Callaghan
|
0-0: Ball 1-0: Ball 2-0: Ground out 5-3 (Groundball, 5, EV 83.8 MPH)
|
|
Batting: RHB Porter Welsh
|
0-0: DOUBLE (Groundball, 5L, EV 100.6 MPH)
|
|
Batting: RHB Cyril Husson
|
0-0: Swinging Strike 0-1: Foul Ball, location: 2F 0-2: Ball 1-2: Strikes out swinging, 2-3 out at first.
|
| Top of the 4th over - 0 runs, 1 hit, 0 errors, 1 left on base; New Hampshire 1 - Erie 1 |
| BOTTOM OF THE 4TH |
|
Erie SeaWolves batting - Pitching for New Hampshire Fisher Cats : LHP Spencer Jones
|
|
Batting: RHB Dan Becvar
|
0-0: Ball 1-0: Swinging Strike 1-1: SINGLE (Line Drive, 6D, EV 95.0 MPH)
|
|
Batting: RHB Jordan Mejias
|
0-0: Swinging Strike 0-1: Ball Dan Becvar is caught stealing 2nd base 2-4 1-1: Ground out 4-3 (Groundball, 4, EV 87.5 MPH)
|
|
Batting: RHB Dusty Newman
|
0-0: Foul Ball, location: 2F 0-1: SINGLE (Groundball, 6MD, EV 103.1 MPH)
|
|
Batting: RHB Vince Chipman
|
0-0: Called Strike 0-1: Ball 1-1: Ball 2-1: Foul Ball, location: 2F 2-2: Strikes out swinging
|
| Bottom of the 4th over - 0 runs, 2 hits, 0 errors, 1 left on base; New Hampshire 1 - Erie 1 |
| TOP OF THE 5TH |
|
New Hampshire Fisher Cats batting - Pitching for Erie SeaWolves : LHP Matt Granados
|
|
Batting: RHB Donny Burnside
|
0-0: Called Strike 0-1: Ball 1-1: DOUBLE (Groundball, 3L, EV 101.9 MPH)
|
|
Batting: SHB Eduardo Maldonado
|
0-0: Called Strike 0-1: Ball 1-1: Ball 2-1: Foul Ball, location: 2F 2-2: Ball 3-2: Fly out, F6 (Popup, 6, EV 76.9 MPH)
|
|
Batting: RHB Nikita Schram
|
0-0: Fly out, F4 (Popup, 4MD, EV 68.1 MPH)
|
|
Batting: LHB Ray Whitehead
|
0-0: Called Strike 0-1: Foul Ball, location: 2F 0-2: 2-RUN HOME RUN (Line Drive, 89XD, EV 116.2 MPH), Distance : 447 ft
|
|
Batting: RHB Jorge Baret
|
0-0: Ball 1-0: Ball 2-0: Foul Ball, location: 2F 2-1: Ball 3-1: DOUBLE (Line Drive, 78D, EV 104.4 MPH)
|
|
Pitching: RHP John Harrell
|
|
|
Batting: RHB Eddie LaRose
|
0-0: Called Strike 0-1: Swinging Strike 0-2: Ball 1-2: Ball 2-2: Fly out, F8 (Line Drive, 8RD, EV 93.1 MPH)
|
| Top of the 5th over - 2 runs, 3 hits, 0 errors, 1 left on base; New Hampshire 3 - Erie 1 |
| BOTTOM OF THE 5TH |
|
Erie SeaWolves batting - Pitching for New Hampshire Fisher Cats : LHP Spencer Jones
|
|
Batting: RHB Ken DiFerdinando
|
0-0: Ball 1-0: Swinging Strike 1-1: Foul Ball, location: 2F 1-2: Strikes out looking
|
|
Batting: LHB Oscar Gonzalez
|
0-0: Ball 1-0: Swinging Strike 1-1: Ball 2-1: Ball 3-1: Ground out 5-3 (Groundball, 56, EV 85.0 MPH)
|
|
Batting: LHB Freddy Troncoso
|
0-0: Called Strike 0-1: Ball 1-1: DOUBLE (Flyball, 78D, EV 91.9 MPH)
|
|
Batting: RHB Yaremka Rzhevsky
|
0-0: Ball 1-0: SINGLE (Groundball, 6MS, EV 68.1 MPH) (infield hit) Freddy Troncoso to third
|
|
Batting: RHB Steve Clark
|
0-0: Called Strike 0-1: Ball 1-1: Called Strike 1-2: Ball 2-2: Ground out 4-3 (Groundball, 4, EV 102.5 MPH)
|
| Bottom of the 5th over - 0 runs, 2 hits, 0 errors, 2 left on base; New Hampshire 3 - Erie 1 |
| TOP OF THE 6TH |
|
New Hampshire Fisher Cats batting - Pitching for Erie SeaWolves : RHP John Harrell
|
|
Pinch Hitting: LHB Sumiki Okuhara
|
0-0: Ball 1-0: Called Strike 1-1: Called Strike 1-2: Ball 2-2: Ball 3-2: SINGLE (Groundball, P, EV 88.1 MPH) (infield hit)
|
|
Batting: RHB Porter Welsh
|
0-0: Ball 1-0: Foul Ball, location: 2F 1-1: SINGLE (Groundball, 56S, EV 73.8 MPH) (infield hit) Sumiki Okuhara to second
|
|
Batting: RHB Cyril Husson
|
0-0: Ball 1-0: Swinging Strike 1-1: Fly out, F9 (Flyball, 9LS, EV 88.1 MPH)
|
|
Batting: RHB Donny Burnside
|
0-0: Ball 1-0: Foul Ball, location: 2F 1-1: Ball 2-1: Called Strike 2-2: Foul Ball, location: 2F 2-2: SINGLE (Flyball, 89S, EV 98.8 MPH) Sumiki Okuhara to third Porter Welsh to second Runner from 3rd tries for Home, throw by CF and OUT! 8-2
|
|
Batting: SHB Eduardo Maldonado
|
0-0: SINGLE (Groundball, 4MD, EV 97.5 MPH) (infield hit) Porter Welsh to third Donny Burnside to second
|
|
Batting: RHB Nikita Schram
|
0-0: Ball 1-0: Swinging Strike 1-1: Called Strike 1-2: Ball 2-2: Ball 3-2: Strikes out looking
|
| Top of the 6th over - 0 runs, 4 hits, 0 errors, 3 left on base; New Hampshire 3 - Erie 1 |
| BOTTOM OF THE 6TH |
|
Erie SeaWolves batting - Pitching for New Hampshire Fisher Cats : LHP Spencer Jones
|
|
Now at 3B: Nick Wicker
|
|
|
Batting: RHB Dan Becvar
|
0-0: Ball 1-0: Called Strike 1-1: Ball 2-1: Foul Ball, location: 2F 2-2: Foul Ball, location: 2F 2-2: Fly out, F7 (Flyball, 7, EV 90.6 MPH)
|
|
Batting: RHB Jordan Mejias
|
0-0: Ball 1-0: Swinging Strike 1-1: Ball 2-1: Ball 3-1: Ground out 4-3 (Groundball, 4, EV 89.4 MPH)
|
|
Batting: RHB Dusty Newman
|
0-0: Ground out 4-3 (Groundball, 34D, EV 95.0 MPH)
|
| Bottom of the 6th over - 0 runs, 0 hits, 0 errors, 0 left on base; New Hampshire 3 - Erie 1 |
| TOP OF THE 7TH |
|
New Hampshire Fisher Cats batting - Pitching for Erie SeaWolves : RHP John Harrell
|
|
Pitching: LHP Travis Sergo
|
|
|
Batting: LHB Ray Whitehead
|
0-0: Foul Ball, location: 2F 0-1: Foul Ball, location: 2F 0-2: Strikes out swinging
|
|
Batting: RHB Jorge Baret
|
0-0: Ball 1-0: Ball 2-0: Ground out 6-3 (Groundball, 6, EV 81.2 MPH)
|
|
Batting: RHB Eddie LaRose
|
0-0: Called Strike 0-1: Foul Ball, location: 2F 0-2: Ball 1-2: Ball 2-2: Foul Ball, location: 2F 2-2: Ground out 6-3 (Groundball, P, EV 82.5 MPH)
|
| Top of the 7th over - 0 runs, 0 hits, 0 errors, 0 left on base; New Hampshire 3 - Erie 1 |
| BOTTOM OF THE 7TH |
|
Erie SeaWolves batting - Pitching for New Hampshire Fisher Cats : LHP Spencer Jones
|
|
Now in LF: Dan Hilyer
|
|
|
Batting: RHB Vince Chipman
|
0-0: Ground out 3-1 (Groundball, 34, EV 85.0 MPH)
|
|
Batting: RHB Ken DiFerdinando
|
0-0: Swinging Strike 0-1: Ball 1-1: Ball 2-1: Foul Ball, location: 2F 2-2: Ball 3-2: Base on Balls
|
|
Batting: LHB Oscar Gonzalez
|
0-0: Ball Ken DiFerdinando is caught stealing 2nd base 2-6 1-0: Called Strike 1-1: Called Strike 1-2: Foul Ball, location: 2F 1-2: Foul Ball, location: 2F 1-2: Ball 2-2: Fly out, F2 (Popup, 23F, EV 83.1 MPH)
|
| Bottom of the 7th over - 0 runs, 0 hits, 0 errors, 0 left on base; New Hampshire 3 - Erie 1 |
| TOP OF THE 8TH |
|
New Hampshire Fisher Cats batting - Pitching for Erie SeaWolves : LHP Travis Sergo
|
|
Batting: RHB Nick Wicker
|
0-0: Called Strike 0-1: Ball 1-1: Called Strike 1-2: Ball 2-2: Strikes out swinging
|
|
Batting: RHB Porter Welsh
|
0-0: Ball 1-0: Called Strike 1-1: Ball 2-1: Swinging Strike 2-2: Ground out 6-3 (Groundball, 6, EV 83.8 MPH)
|
|
Batting: RHB Cyril Husson
|
0-0: Called Strike 0-1: Ball 1-1: Called Strike 1-2: Ball 2-2: Strikes out swinging
|
| Top of the 8th over - 0 runs, 0 hits, 0 errors, 0 left on base; New Hampshire 3 - Erie 1 |
| BOTTOM OF THE 8TH |
|
Erie SeaWolves batting - Pitching for New Hampshire Fisher Cats : LHP Spencer Jones
|
|
Pitching: RHP Luis Bautista
|
|
|
Batting: LHB Freddy Troncoso
|
0-0: Swinging Strike 0-1: Called Strike 0-2: Ball 1-2: Ball 2-2: Foul Ball, location: 2F 2-2: Ball 3-2: SINGLE (Line Drive, 7S, EV 110.6 MPH)
|
|
Batting: RHB Yaremka Rzhevsky
|
0-0: Called Strike 0-1: Ball 1-1: Swinging Strike 1-2: Ball 2-2: Foul Ball, location: 2F 2-2: Strikes out swinging
|
|
Batting: RHB Steve Clark
|
0-0: Called Strike 0-1: Ball 1-1: Ball 2-1: Foul Ball, location: 2F 2-2: Strikes out swinging
|
|
Batting: RHB Dan Becvar
|
0-0: Ball 1-0: Fielders Choice at 2nd, 6-4 (Groundball, 6, EV 108.1 MPH)
|
| Bottom of the 8th over - 0 runs, 1 hit, 0 errors, 1 left on base; New Hampshire 3 - Erie 1 |
| TOP OF THE 9TH |
|
New Hampshire Fisher Cats batting - Pitching for Erie SeaWolves : LHP Travis Sergo
|
|
Pitching: RHP Juan Cornejo
|
|
|
Batting: RHB Donny Burnside
|
0-0: Ball 1-0: Foul Ball, location: 2F 1-1: SINGLE (Line Drive, 6MD, EV 104.4 MPH)
|
|
Batting: SHB Eduardo Maldonado
|
0-0: Ball Donny Burnside steals 2nd base 1-0: Foul Ball, location: 2F 1-1: Ball Donny Burnside steals 3rd base 2-1: Ball 3-1: Foul Ball, location: 2F 3-2: Strikes out swinging
|
|
Batting: RHB Nikita Schram
|
0-0: Ball 1-0: Called Strike 1-1: Foul Ball, location: 2F 1-2: Strikes out looking
|
|
Batting: LHB Ray Whitehead
|
0-0: Foul Ball, location: 2F 0-1: Foul Ball, location: 2F 0-2: Ball 1-2: Strikes out swinging
|
| Top of the 9th over - 0 runs, 1 hit, 0 errors, 1 left on base; New Hampshire 3 - Erie 1 |
| BOTTOM OF THE 9TH |
|
Erie SeaWolves batting - Pitching for New Hampshire Fisher Cats : RHP Luis Bautista
|
|
Pitching: LHP Julio Gonzalez
|
|
|
Batting: RHB Jordan Mejias
|
0-0: Ball 1-0: Ball 2-0: Ball 3-0: Called Strike 3-1: Foul Ball, location: 2F 3-2: Base on Balls
|
|
Batting: RHB Dusty Newman
|
0-0: Ball 1-0: Called Strike 1-1: Foul Ball, location: 2F 1-2: Strikes out swinging
|
|
Batting: RHB Vince Chipman
|
0-0: Ball 1-0: Ball 2-0: Called Strike 2-1: Foul Ball, location: 2F 2-2: DOUBLE (Groundball, 3L, EV 101.2 MPH) Jordan Mejias to third
|
|
Batting: RHB Ken DiFerdinando
|
0-0: Ball 1-0: Called Strike 1-1: Ball 2-1: Foul Ball, location: 2F 2-2: Ball 3-2: Base on Balls
|
|
Pinch Hitting: RHB Mike Olsen
|
0-0: Ball 1-0: Called Strike 1-1: Called Strike 1-2: Strikes out swinging
|
|
Batting: LHB Freddy Troncoso
|
0-0: Ball 1-0: Called Strike 1-1: Foul Ball, location: 2F 1-2: Strikes out swinging
|
| Bottom of the 9th over - 0 runs, 1 hit, 0 errors, 3 left on base; New Hampshire 3 - Erie 1 |
|